 Dungeon Crawl Stone Soup version 0.26-a0-812-g31a745ddcd (webtiles) character file.

Game seed: 15044957260594982081

427 Dracia the Chiller (level 6, -13/47 HPs)
             Began as a Merfolk Ice Elementalist on Dec 10, 2020.
             Mangled by Pikel
             ... wielding a +1 whip of electrocution
              (17 damage)
             ... on level 4 of the Dungeon.
             The game lasted 00:07:20 (4586 turns).

Dracia the Chiller (Merfolk Ice Elementalist)       Turns: 4586, Time: 00:07:21

Health: -13/47     AC:  8    Str:  9    XL:     6   Next: 97%
Magic:  3/9        EV: 13    Int: 16    God:
Gold:   129        SH:  0    Dex: 20    Spells: 2/9 levels left

rFire    . . .     SeeInvis .   m - +0 halberd
rCold    . . .     Faith    .   (shield currently unavailable)
rNeg     . . .     Spirit   .   (no armour)
rPois    .         Reflect  .   u - +0 helmet
rElec    .         Harm     .   (no cloak)
rCorr    .         Rampage  .   (no gloves)
MR       .....     Rnd*Tele +   (no boots)
Stlth    ++........             (no amulet)
HPRegen  0.15/turn              t - ring of teleportation (curse)
MPRegen  0.11/turn              c - +6 ring of dexterity

@: icy armour, frozen ramparts
A: change form in water, swift swim, stealthy swim
a: no special abilities


You were on level 4 of the Dungeon.
You visited 1 branch of the dungeon, and saw 4 of its levels.

You collected 129 gold pieces.


   Skills:
 - Level 3.0 Fighting
 + Level 3.6 Polearms
 - Level 2.6 Dodging
 - Level 2.1 Stealth
 - Level 2.0 Spellcasting
 * Level 7.6 Ice Magic


You had 2 spell levels left.
You knew the following spells:

 Your Spells              Type           Power        Failure   Level
o - Ozocubu's Armour      Ice            ####....     2%          3
r - Frozen Ramparts       Ice            ####..       2%          3
z - Freeze                Ice            ####         1%          1

Your spell library contained the following spells:

 Spells                   Type           Power        Failure   Level
 Hailstorm                Conj/Ice       ##......     41%         4
 Summon Ice Beast         Ice/Summ       ##......     41%         4

Inventory:

Hand Weapons
 i - a +0 mace
 m - a +0 halberd (weapon)
Missiles
 b - 7 boomerangs (quivered)
 d - 4 javelins
 s - 9 poisoned darts
Armour
 a - a +0 robe
 u - a +0 helmet (worn)
Magical Staves
 n - an uncursed staff of earth {!a!a}
Jewellery
 c - a +6 ring of dexterity (right hand)
 t - a cursed ring of teleportation (left hand)
 D - a +6 ring of dexterity
 S - a +6 ring of strength
Wands
 o - a wand of iceblast (12)
Scrolls
 l - a scroll of amnesia
 q - a scroll of fog
 r - 2 scrolls of identify {@r1@r1}
Potions
 e - a potion of degeneration {unknown}
 f - 2 potions of berserk rage {unknown}
 g - a potion of might {unknown}
 h - a potion of attraction {unknown}
 j - a potion of haste {unknown}
 k - a potion of heal wounds {unknown}
 p - a potion of resistance {unknown}
 v - a potion of magic {unknown}

Dungeon Overview and Level Annotations

Branches:
Dungeon (4/15)
 Temple: D:4-7

Altars:
Cheibriados
Gozag
Trog
Xom
The Shining One

Annotations:
D:4 2 transporters, Fjolswid's ghost, amateur GnWn; Pikel

## #.. . ##
....###### .. ..
.....5#..## #.#....
....55K...# ..#....
....?..#@..# .....#
......#.#..##
.....#.......#....##
.......##.......#..##
....................#
...................##
.##................#
..# ...........)..#
..# #........#####


You could see Pikel and 3 lemures.


Message History

A film of ice covers your body!
The lemure shouts!
The lemure hits you.
Casting: Ozocubu's Armour (dangerous; 2% risk of failure)
Confirm with . or Enter, or press ? or * to list all spells.
The walls around you are covered in ice.
The wall freezes the lemure. x2; The lemure closely misses you.
You barely miss the lemure.
The lemure is lightly wounded.
The wall freezes Pikel.
The wall freezes the lemure.
You puncture Pikel!
Pikel is heavily wounded.
The wall freezes the lemure!
The wall freezes the lemure.
The wall freezes Pikel.
Pikel zaps a wand.
You resist with some effort.
The wall freezes the lemure.
The wall freezes the lemure!
You hit Pikel but do no damage.
Pikel is heavily wounded.
The wall freezes Pikel.
Pikel cracks his whip.
Pikel hits you with a +1 whip of electrocution!
You are electrocuted!
* * * LOW HITPOINT WARNING * * *
The wall freezes the lemure. x2
You hit Pikel.
Pikel is severely wounded.
The wall freezes Pikel.
Pikel hits you with a +1 whip of electrocution!
* * * LOW HITPOINT WARNING * * *
You are electrocuted!
You die...

Skill      XL: |  1  2  3  4  5  6 |
---------------+-------------------+-----
Fighting       | 1 2 3 |  3.0
Ice Magic      | 5 6 7 |  7.6
Polearms       | 2 3 |  3.6
Dodging        | |  2.6
Stealth        | |  2.1
Spellcasting   | |  2.0

Action                   |  1- 3 |  4- 6 || total
-------------------------+-------+-------++-------
Melee: Unarmed           |    24 |       ||    24
       Mace              |     9 |    17 ||    26
       Halberd           |       |    95 ||    95
Throw: Javelin           |     9 |       ||     9
       Boomerang         |    10 |     3 ||    13
 Cast: Freeze            |    40 |    18 ||    58
       Frozen Ramparts   |       |     4 ||     4
       Ozocubu's Armour  |       |     4 ||     4
  Use: Scroll            |     4 |     4 ||     8
 Stab: Sleeping          |     1 |     8 ||     9
       Distracted        |       |     1 ||     1
Armor: Robe              |    11 |     3 ||    14
       Skin              |       |     3 ||     3
Dodge: Dodged            |    56 |    77 ||   133

Levels and vault maps discovered:
D:1:      tarquinn_simple_flora_water_b, layout_loops_ring
D:2:      layout_loops_ring, nicolae_tso_carved_into_rock
D:3:      layout_loops_ring, led_xom_imps, kennysheep_slug_shrine,
          nicolae_overflow_crystal_walls
D:4:      layout_cave_pools, overflow_temple_1_default,
          gammafunk_ghost_mausoleum, cheibrodos_gnoll_hut, uniq_pikel

Notes
Turn   | Place    | Note
-------+----------+-------------------------------------------
     0 | D:1      | Dracia the Merfolk Ice Elementalist began the quest for the
                  | Orb.
     0 | D:1      | Reached XP level 1. HP: 13/13 MP: 3/3
   496 | D:1      | Reached XP level 2. HP: 19/20 MP: 0/5
   505 | D:1      | Reached skill level 1 in Fighting
   964 | D:1      | Reached skill level 5 in Ice Magic
  1516 | D:2      | Reached XP level 3. HP: 22/26 MP: 4/6
  1574 | D:2      | Learned a level 3 spell: Frozen Ramparts
  2089 | D:2      | Found a glowing golden altar of the Shining One.
  2276 | D:2      | Reached skill level 2 in Fighting
  2276 | D:2      | Reached XP level 4. HP: 7/33 MP: 2/7
  2572 | D:2      | Reached skill level 6 in Ice Magic
  2738 | D:2      | Learned a level 3 spell: Ozocubu's Armour
  2774 | D:2      | Reached XP level 5. HP: 19/39 MP: 1/8
  3492 | D:3      | Found a snail-covered altar of Cheibriados.
  3593 | D:3      | Noticed a sky beast
  3600 | D:3      | Killed a sky beast
  3600 | D:3      | Reached skill level 3 in Fighting
  3600 | D:3      | Reached skill level 2 in Polearms
  3600 | D:3      | Reached XP level 6. HP: 29/47 MP: 2/9
  3761 | D:3      | Found a shimmering altar of Xom.
  3919 | D:3      | Found an opulent altar of Gozag.
  3924 | D:3      | Reached skill level 7 in Ice Magic
  4205 | D:4      | Found a transporter.
  4205 | D:4      | Noticed Fjolswid's ghost (amateur GnWn)
  4208 | D:4      | Noticed a phantom
  4211 | D:4      | Reached skill level 3 in Polearms
  4254 | D:4      | Killed a phantom
  4423 | D:4      | Found a transporter.
  4543 | D:4      | Found a bloodstained altar of Trog.
  4577 | D:4      | Noticed Pikel
  4586 | D:4      | HP: 4/47 [Pikel/+1 whip of electrocution (7)]
  4586 | D:4      | Mangled by Pikel

Vanquished Creatures
  A sky beast (D:3)
  A phantom (D:4)
  2 crimson imps (D:3)
  An orc priest (D:2)
  A worker ant (D:4)
  3 gnolls (D:2)
  3 adders
  2 worms (D:2)
  3 dart slugs
  3 leopard geckos
  5 orcs
  3 giant cockroaches
  3 goblins
  8 hobgoblins
  6 jackals
  A quokka (D:4)
  10 bats
  2 frilled lizards
  A jackal skeleton (D:2)
  5 kobolds
  5 rats
69 creatures vanquished.

Table legend: (Time is in decaauts)
 A = Elapsed time spent in this place.
 B = Non-inter-level travel time spent in this place.
 C = Inter-level travel time spent in this place.
 D = Time resting spent in this place.
 E = Time spent auto-exploring this place.
 F = Levels seen in this place.
 G = Mean time per level.
                   A        B        C        D        E       F      G
               +--------+--------+--------+--------+--------+-----+--------+
         Total |   4639 |   4476 |    163 |   1576 |   2259 |   4 | 1159.8 |
       Dungeon |   4639 |   4476 |    163 |   1576 |   2259 |   4 | 1159.8 |
               +--------+--------+--------+--------+--------+-----+--------+

Top non-repeatable levels by time:
     D:2: 1828 daAuts
     D:1: 1513 daAuts
     D:3: 849 daAuts
     D:4: 447 daAuts

Table legend:
 A = Non-vault XP
 B = Vault XP
 C = Vault XP percentage of total XP
 D = Non-vault monster count
 E = Vault monster count
 F = Vault count percentage of total count
                 A         B        C        D         E       F
            +---------+---------+-------+---------+---------+-------
      Total |     510 |     100 |  16.4 |      66 |       3 |   4.3
            +---------+---------+-------+---------+---------+-------
        D:1 |      33 |       0 |   0.0 |      18 |       0 |   0.0
        D:2 |     149 |       0 |   0.0 |      25 |       0 |   0.0
        D:3 |     146 |     100 |  40.7 |      14 |       3 |  17.6
        D:4 |     182 |       0 |   0.0 |       9 |       0 |   0.0
            +---------+---------+-------+---------+---------+-------
